Map: Ascension to Aiur LE

Players

Rurry - Winner!

  • Race: Protoss Protoss
  • League: Silver
  • Spawn Location: 5:00

Yata

  • Race: Zerg Zerg
  • League: Silver
  • Spawn Location: 11:00

VOD

Have the link to the VOD?

Description

Time

  • Played on: Aug. 16, 2017, 9:41 p.m.
  • Length: 8:36
Show
View Real Time Build Order
Export as new Build Order

Rurry Protoss - Winner!

Build Orders: Nexus First, Zealot Archon 

Get SALT Encoding   

  12  0:01  Probe (Chrono Boost)  
  13  0:11  Probe (Chrono Boost)  
  14  0:22  Probe (Chrono Boost)  
  14  0:24  Pylon  
  16  0:43  Probe (Chrono Boost)  
  16  0:55  Probe (Chrono Boost)  
  17  0:59  Nexus  
  17  1:10  Gateway  
  17  1:13  Probe (Chrono Boost)  
  18  1:19  Assimilator  
  18  1:23  Probe (Chrono Boost)  
  19  1:26  Assimilator  
  19  1:34  Probe (Chrono Boost)  
  20  1:44  Probe (Chrono Boost)  
  21  1:55  Probe (Chrono Boost)  
  22  2:02  Cybernetics Core  
  22  2:06  Forge  
  22  2:11  Zealot  
  22  2:12  Probe x2 (Chrono Boost)  
  27  2:23  Probe x2 (Chrono Boost)  
  28  2:30  Assimilator  
  28  2:33  Probe (Chrono Boost)  
  28  2:34  Assimilator  
  28  2:35  Probe (Chrono Boost)  
  30  2:42  Protoss Ground Weapons Level 1  
  30  2:44  Probe (Chrono Boost)  
  31  2:45  Probe (Chrono Boost)  
  31  2:47  Warp Gate  
  32  2:55  Mothership Core (Chrono Boost)  
  34  3:04  Pylon  
  34  3:06  Probe (Chrono Boost)  
  34  3:12  Pylon  
  35  3:17  Probe x2 (Chrono Boost)  
  37  3:27  Probe x2 (Chrono Boost)  
  37  3:33  Twilight Council  
  39  3:38  Probe x2 (Chrono Boost)  
  42  3:48  Probe x2 (Chrono Boost)  
  43  3:59  Probe x2 (Chrono Boost)  
  45  4:09  Probe (Chrono Boost)  
  47  4:10  Probe (Chrono Boost)  
  47  4:12  Templar Archives  
  47  4:14  Charge  
  47  4:20  Probe x2 (Chrono Boost)  
  49  4:24  Gateway  
  49  4:25  Gateway  
  49  4:27  Gateway  
  49  4:28  Gateway  
  49  4:33  Protoss Ground Weapons Level 2 (Chrono Boost)  
  49  4:35  Probe (Chrono Boost)  
  49  4:37  Pylon  
  49  5:03  Probe  
  50  5:13  Gateway  
  50  5:16  Gateway  
  50  5:18  Gateway  
  50  5:34  Gateway  
  50  5:37  High Templar x5, Gateway  
  50  5:39  Pylon  
  60  5:44  Archon x2  
  60  5:50  Gateway  
  60  5:53  Pylon  
  60  5:55  Pylon  
  60  5:57  Pylon  
  60  5:59  Pylon  
  60  6:10  Pylon  
  60  6:12  Gateway  
  60  6:15  Gateway  
  60  6:17  High Templar x2  
  60  6:18  High Templar  
  66  6:19  High Templar x3  
  66  6:21  Zealot x2  
  66  6:23  Archon x2  
  66  6:24  Archon  
  76  6:46  Zealot x3  
  76  6:47  Zealot x2  
  84  6:53  High Templar  
  88  6:55  Zealot x3  
  88  6:56  Zealot  
  88  6:59  Nexus  
  96  7:01  Pylon  
  96  7:03  Archon  
  96  7:09  High Templar  
  96  7:10  Zealot x2  
  96  7:14  High Templar  
  103  7:25  Zealot, Archon  
  103  7:26  Zealot x2  
  109  7:43  Pylon  
  109  7:44  Pylon  
  109  7:46  Pylon  
Show
View Real Time Build Order
Export as new Build Order

Yata Zerg 

Build Orders: Hatch First, Swarm Host 

Get SALT Encoding   

  12  0:02  Drone  
  13  0:14  Overlord  
  13  0:19  Drone  
  14  0:33  Drone x2  
  16  0:36  Drone  
  17  0:54  Hatchery  
  16  1:01  Drone x2  
  18  1:15  Extractor  
  17  1:18  Spawning Pool  
  17  1:21  Drone x2  
  18  1:30  Drone  
  19  1:41  Overlord  
  19  1:52  Drone  
  20  2:02  Drone  
  20  2:06  Queen  
  20  2:07  Queen  
  25  2:14  Zergling x4  
  27  2:22  Metabolic Boost  
  27  2:25  Drone x2  
  29  2:30  Drone  
  29  2:36  Drone  
  31  2:59  Drone x4  
  35  3:09  Evolution Chamber  
  35  3:10  Overlord  
  35  3:11  Overlord  
  34  3:27  Drone x2  
  34  3:30  Hatchery  
  34  3:31  Queen  
  34  3:33  Lair  
  37  3:37  Zergling x2, Extractor  
  37  3:38  Zergling x2  
  37  3:39  Zergling x4  
  40  3:55  Zerg Melee Weapons Level 1  
  40  4:03  Drone  
  40  4:04  Drone x4  
  40  4:05  Drone x4  
  40  4:09  Extractor  
  48  4:10  Extractor  
  45  4:55  Overlord x3  
  43  5:02  Drone x4  
  43  5:03  Drone x3  
  50  5:17  Hydralisk Den  
  49  5:22  Drone  
  49  5:23  Drone x4  
  54  5:43  Queen  
  54  5:45  Queen  
  58  5:51  Spire  
  58  5:54  Lurker Den  
  57  5:59  Hydralisk  
  57  6:00  Hydralisk x2  
  63  6:06  Queen  
  65  6:21  Infestation Pit  
  64  6:38  Zergling x4  
  64  6:39  Zergling x16  
  74  6:42  Overlord x3  
  74  7:06  Hatchery  
  73  7:11  Swarm Host x3  
  73  7:12  Swarm Host x3  
  91  7:27  Pneumatized Carapace  
  91  7:36  Zergling x2  
  91  7:37  Zergling x14  
  91  7:41  Overlord x2  
  91  7:42  Overlord x5  
  92  7:56  Zergling x2  
  86  8:01  Zergling x12  
Tags
 
Add a new tag
Caveats
  • Supply blocks, unpowered buildings, or Contaminate may cause inaccurate times.
  • Supply counts are checked every 10 seconds.